 Dungeon Crawl Stone Soup version 0.16-a0-148-g3b84123 (console) character file.

44 MrRokkomies the Vexing (level 3, -2/26 HPs)
             Began as a Demonspawn Arcane Marksman on Aug 15, 2014.
             Slain by xsansara's ghost (5 damage)
             ... on Level 3 of the Dungeon.
             The game lasted 00:05:07 (1796 turns).

MrRokkomies the Vexing (Demonspawn Arcane Marksman) Turns: 1796, Time: 00:05:09

HP  -2/26        AC  6     Str 11      XL: 3   Next: 41%
MP   3/4         EV  9     Int 15      God:
Gold 117         SH  0     Dex 12      Spells:  1 memorised,  3 levels left

rFire  . . .     SeeInvis .     b - +1 hand crossbow
rCold  . . .     Clarity  .     i - +0 ring mail (curse)
rNeg   . . .     rCorr    .     (no shield)
rPois  .         rRot     .     n - +0 helmet
rElec  .         Spirit   .     (no cloak)
SustAb .         Warding  .     (no gloves)
rMut   +         Stasis   .     (no boots)
Gourm  .                        g - amulet of resist mutation
MR     .....                    (no ring)
                                (no ring)

@: very slightly contaminated, not resistant to hostile enchantments, very
unstealthy
A: nightstalker 1
a: no special abilities


You were on level 3 of the Dungeon.
You were not hungry.

You visited 1 branch of the dungeon, and saw 3 of its levels.

You collected 117 gold pieces.

Inventory:

Hand weapons
 a - a +0 dagger
 b - a +1 hand crossbow (weapon)
Missiles
 c - 12 bolts (quivered)
Armour
 i - a cursed +0 ring mail (worn)
 n - a +0 helmet (worn)
Comestibles
 f - a bread ration
 l - 4 fruits
Scrolls
 e - 2 scrolls of identify {unknown}
 m - a scroll of remove curse
Jewellery
 g - an amulet of resist mutation (around neck)
Potions
 h - 3 potions of curing {unknown}
 j - a potion of heal wounds {unknown}
 k - a potion of confusion {unknown}
Books
 d - a book of Debilitation

   Spells                             Type                      Level
   *Corona                            Hexes                        1
   Slow                               Hexes                        2
   Inner Flame                        Hexes/Fire                   3
   Enslavement                        Hexes                        4
   Cause Fear                         Hexes                        4
   Leda's Liquefaction                Hexes/Earth                  4


   Skills:
 - Level 1.0 Fighting
 * Level 2.9 Crossbows
 - Level 1.7 Dodging
 - Level 1.0 Spellcasting
 * Level 3.6 Hexes


You had 3 spell levels left.
You knew the following spells:

 Your Spells              Type           Power        Failure   Level  Hunger
a - Corona                Hex            ##.....      12%         1    ##.....


Dungeon Overview and Level Annotations

Branches:
Dungeon (3/15)

Altars:
Vehumet

Annotations:
D:3 xsansara's ghost, average MiFi


Innate Abilities, Weirdness & Mutations

You are slightly more attuned to the shadows.


Message History

You writhe in agony.
* * * LOW HITPOINT WARNING * * *
Firing (i - inventory):
c - 14 bolts (quivered)
Press: ? - help, Shift-Dir - straight line, f/p - xsansara's ghost
Aim: xsansara's ghost (moderately damaged)
You shoot a bolt.
The bolt hits xsansara's ghost but does no damage.
Xsansara's ghost is moderately damaged.
Xsansara's ghost barely misses you.
Firing (i - inventory):
c - 13 bolts (quivered)
Press: ? - help, Shift-Dir - straight line, f/p - xsansara's ghost
Aim: xsansara's ghost (moderately damaged)
You shoot a bolt.
The bolt hits xsansara's ghost but does no damage.
Xsansara's ghost is moderately damaged.
Xsansara's ghost screams, "I'll kill anyone who wants the ORB!"
Xsansara's ghost hits you.
* * * LOW HITPOINT WARNING * * *
You writhe in agony.
Xsansara's ghost hits you.
You die...

### #)# ######.#
........# #@#..
#W#.# #(#.# #.#.#
#.#.# #.#.# ###'#.#
..#..(..########
..>..W.............


You could see xsansara's ghost.

Vanquished Creatures
  An adder (D:2)
  An inept feature mimic (D:3)
  A worm (D:2)
  A ball python (D:1)
  3 bats
  A giant cockroach (D:2)
  A hobgoblin (D:3)
  4 jackals (D:2)
  3 giant newts
  3 kobolds
  9 rats
28 creatures vanquished.

Notes
Turn   | Place    | Note
--------------------------------------------------------------
     0 | D:1      | MrRokkomies, the Demonspawn Arcane Marksman, began the quest for the Orb.
     0 | D:1      | Reached XP level 1. HP: 15/15 MP: 2/2
   758 | D:2      | Gained mutation: You are slightly more attuned to the shadows. [demonic ancestry]
   758 | D:2      | Reached XP level 2. HP: 19/21 MP: 3/3
  1178 | D:2      | Reached XP level 3. HP: 14/26 MP: 4/4
  1389 | D:2      | Found a radiant altar of Vehumet.
  1779 | D:3      | Noticed xsansara's ghost (average MiFi)
  1796 | D:3      | Slain by xsansara's ghost

Action                   || total
-------------------------++-------
Melee: Dagger            ||   143
       Unarmed           ||    18
 Fire: Hand crossbow     ||    17
 Cast: Corona            ||     2
  Use: Scroll            ||     3
  Eat: Chunk             ||     3
